 Dungeon Crawl Stone Soup version 0.21-a0-52-gbf49515 (webtiles) character file.

12680 xgamer67 the Geomancer (level 11, -1/72 HPs)
             Began as an Octopode Earth Elementalist on June 13, 2017.
             Was a Priest of Vehumet.
             Slain by a komodo dragon (20 damage)
             ... on level 1 of the Lair of Beasts.
             The game lasted 00:45:04 (15734 turns).

xgamer67 the Geomancer (OpEE)                      Turns: 15734, Time: 00:45:05

Health: -1/72      AC:  2    Str:  7    XL:     11   Next: 97%
Magic:  12/31      EV: 16    Int: 24    God:    Vehumet [***...]
Gold:   668        SH:  6    Dex: 13    Spells: 9/25 levels left

rFire    . . .     SeeInvis .   a - +2 short sword (venom)
rCold    + . .     Gourm    .   B - +1 buckler
rNeg     . . .     Faith    .   (helmet restricted)
rPois    +         Spirit   .   (no amulet)
rElec    .         Reflect  .   f - ring of stealth
rCorr    .         Harm     .   n - ring of protection from cold
MR       .....                  w - ring of poison resistance
Stlth    ++++......             s - +1 ring of protection
Regen    0.3/turn               A - ring of magical power
MPRegen  0.3/turn               E - +4 ring of dexterity
                                M - +2 ring of intelligence
                                T - -3 ring of dexterity (curse)

@: drained
A: almost no armour, stealthy swim, amphibious, 8 rings, constrict 8, camouflage
1, gelatinous body 1
a: Renounce Religion


You were on level 1 of the Lair of Beasts.
You worshipped Vehumet.
Vehumet was most pleased with you.
You were not hungry.

You visited 3 branches of the dungeon, and saw 14 of its levels.

You collected 808 gold pieces.
You spent 140 gold pieces at shops.

Inventory:

Hand Weapons
 a - a +2 short sword of venom (weapon)
 G - a +2 whip of flaming
 I - a +0 scimitar of flaming
 N - a +2 vampiric demon trident
 O - a +0 dagger of venom
Missiles
 b - 109 stones (quivered)
 W - a throwing net
Armour
 B - a +1 buckler (worn)
 D - a +0 shield
Jewellery
 e - an uncursed ring of flight
 f - a ring of stealth (left tentacle)
 n - a ring of protection from cold (right tentacle)
 s - a +1 ring of protection (on tentacle)
 w - a ring of poison resistance (on tentacle)
 A - a ring of magical power (on tentacle)
 C - an uncursed amulet of harm
 E - a +4 ring of dexterity (on tentacle)
 M - a +2 ring of intelligence (on tentacle)
 T - a cursed -3 ring of dexterity (on tentacle)
 V - an uncursed ring of fire
 Y - an uncursed ring of resist corrosion {unknown}
Wands
 o - a wand of random effects (4/48)
 v - a wand of flame (26/48)
 K - a wand of polymorph (12/24)
 P - a wand of flame (12/48)
 Q - a wand of polymorph (16/24)
 R - a wand of polymorph (18/24)
 S - a wand of random effects (18/48)
Scrolls
 g - 4 scrolls of teleportation
 i - 2 scrolls of enchant weapon
 q - a scroll of immolation
 x - 3 scrolls of remove curse
 y - a scroll of blinking {unknown}
 F - a scroll of enchant armour
 J - 2 scrolls of amnesia
 X - a scroll of vulnerability {unknown}
 Z - 2 scrolls of identify
Potions
 d - a potion of flight
 h - 4 potions of invisibility
 j - 2 potions of cancellation {unknown}
 k - a potion of brilliance {unknown}
 l - 4 potions of curing
 p - 2 potions of haste
 r - 6 potions of lignification
 t - a potion of heal wounds
 u - 3 potions of magic
 z - 3 potions of agility
 U - a potion of mutation {unknown}
Books
 H - a book of Spatial Translocations

   Spells                             Type                      Level
   a - Blink                          Translocation                2
   b - Shroud of Golubria             Charms/Translocation         2
   c - Lesser Beckoning               Translocation                3
   d - Gell's Gravitas                Translocation                3
   e - Teleport Other                 Translocation                3
   f - Passage of Golubria            Translocation                4
Comestibles
 c - 5 bread rations
 m - 8 meat rations
 L - 16 fruits


   Skills:
 + Level 6.0(5.3) Fighting
 + Level 7.2(6.5) Dodging
 - Level 4.0(3.3) Stealth
 - Level 4.0(3.3) Shields
 + Level 7.7(7.0) Spellcasting
 - Level 6.0(5.3) Conjurations
 - Level 2.0(1.3) Translocations
 - Level 1.0(0.4) Transmutations
 - Level 12.0(11.1) Earth Magic


You had 9 spell levels left.
You knew the following spells:

 Your Spells              Type           Power        Failure   Level  Hunger
a - Sandblast             Erth           ######       1%          1    None
b - Stone Arrow           Conj/Erth      #####.       1%          3    None
c - Conjure Flame         Conj/Fire      ###.....     2%          3    None
e - Lee's Rapid Deconstr  Erth           ######....   1%          5    #####..
A - Passwall              Tmut/Erth      #####.....   1%          2    None
B - Blink                 Tloc           N/A          7%          2    None


Dungeon Overview and Level Annotations

Branches:
Dungeon (12/15)            Temple (1/1) D:6            Lair (1/6) D:11
    Orc (0/2) D:9

Altars:
Ashenzari
Cheibriados
Dithmenos
Elyvilon
Fedhas
Gozag
Hepliaklqana
Kikubaaqudgha
Makhleb
Nemelex Xobeh
Okawaru
Qazlal
Ru
Sif Muna
Trog
Uskayaw
Vehumet
Wu Jian
Xom
Yredelemnul
Zin
The Shining One

Shops:
D:6 (   D:9 *([

Annotations:
D:8 exclusion: two-headed ogre, Gastronok
D:10 exclusion: 2 two-headed ogres
D:12 Josephine


Innate Abilities, Weirdness & Mutations

You cannot wear most types of armour.
You are very stealthy in the water. (Stealth+)
You are amphibious.
You can wear up to eight rings at the same time.
You can use your tentacles to constrict eight enemies at once.
Your skin changes colour to match your surroundings (Stealth+).
Your rubbery body absorbs attacks. (AC +1, EV +1)


Message History

The komodo dragon completely misses you.
The komodo dragon bites you!
* * * LOW HITPOINT WARNING * * *
Casting: Sandblast
Confirm with . or Enter, or press ? or * to list all spells.
Aiming: Stone Arrow
Press: ? - help, Shift-Dir - straight line, f - komodo dragon
Aim: a komodo dragon The stone arrow hits the komodo dragon.
The komodo dragon is lightly wounded.
Casting: Stone Arrow
Confirm with . or Enter, or press ? or * to list all spells.
Aiming: Sandblast
Press: ? - help, Shift-Dir - straight line, f/p - komodo dragon
Aim: a komodo dragon (lightly wounded)
The blast of sand hits the komodo dragon.
The komodo dragon is heavily wounded.
b - 109 stones The komodo dragon bites you!!
You die...

.. ... .. ..# .#
#.# .##.# ....
.#.. .... ..#
..... #.# .....
#@# ......##l#
##... ....#..###
......
#.)#...##......
###..###%.⌠..)###
##.⌠..#...........
#.....#...........
#⌠.>....⌠.>.⌠..⌠..
#..t..............


You could see a komodo dragon.

Vanquished Creatures
  A hydra (Lair:1)
  A centaur warrior (D:10)
  Erica (D:8)
  Nergalle (Lair:1)
  Pikel (D:6)
  Maurice (D:8)
  The ghost of KristoblXynda the Charlatan, a novice DgAr (D:5)
  2 spiny frogs (D:11)
  A komodo dragon (Lair:1)
  A troll (D:11)
  Prince Ribbit (D:6)
  A hornet (D:8)
  11 yaks
  A wraith (D:11)
  A hungry ghost (D:11)
  Edmund (D:5)
  2 water moccasins
  4 porcupines
  3 ice beasts
  4 sky beasts
  3 black bears
  3 orc warriors
  A phantom (D:11)
  2 ogres
  3 centaurs
  A crocodile (Lair:1)
  A big kobold (D:8)
  9 bullfrogs
  3 wyvern skeletons
  9 scorpions
  5 killer bees (D:10)
  2 howler monkeys
  8 crimson imps
  A centaur zombie (D:5)
  2 quasits (D:8)
  6 hounds
  An orc priest (D:6)
  Crazy Yiuf (D:6)
  3 bullfrog skeletons
  9 jellies
  4 orc wizards
  5 iguanas
  7 worker ants
  Terence (D:3)
  A hound zombie (D:6)
  Robin (D:2)
  A howler monkey skeleton (D:8)
  5 gnolls
  7 adders
  3 shadow imps
  2 adder zombies
  An adder skeleton (D:5)
  3 worms
  4 dart slugs
  7 leopard geckos
  18 orcs
  2 ball pythons (D:1)
  11 bats
  A giant cockroach (D:5)
  11 hobgoblins
  7 jackals (D:2)
  3 quokkas
  5 frilled lizards
  A giant cockroach zombie (D:6)
  15 goblins
  A jackal skeleton (D:9)
  11 kobolds
  A leopard gecko skeleton (D:4)
  A quokka zombie (D:5)
  4 rats
257 creatures vanquished.

Vanquished Creatures (others)
  4 fungi
  7 plants (Lair:1)
11 creatures vanquished.

Grand Total: 268 creatures vanquished

Notes
Turn   | Place    | Note
-------+----------+-------------------------------------------
     0 | D:1      | xgamer67 the Octopode Earth Elementalist began the quest for the Orb.
     0 | D:1      | Reached XP level 1. HP: 11/11 MP: 3/3
   302 | D:1      | Reached XP level 2. HP: 17/17 MP: 5/5
   309 | D:1      | Learned a level 2 spell: Passwall
   699 | D:1      | Reached skill level 4 in Earth Magic
   776 | D:1      | Reached XP level 3. HP: 21/21 MP: 6/6
   781 | D:1      | Learned a level 3 spell: Stone Arrow
  1660 | D:2      | Noticed Robin
  1681 | D:2      | Killed Robin
  1681 | D:2      | Reached XP level 4. HP: 27/27 MP: 0/7
  1704 | D:2      | Reached skill level 5 in Earth Magic
  2288 | D:2      | Reached XP level 5. HP: 29/31 MP: 8/8
  3327 | D:3      | Reached skill level 6 in Earth Magic
  3678 | D:3      | Noticed Terence
  3683 | D:3      | Killed Terence
  4091 | D:4      | Reached XP level 6. HP: 24/36 MP: 2/9
  5414 | D:5      | Entered Level 5 of the Dungeon
  5428 | D:5      | Noticed Edmund
  5575 | D:5      | Reached skill level 7 in Earth Magic
  5575 | D:5      | Reached XP level 7. HP: 40/41 MP: 6/11
  5732 | D:5      | Reached skill level 1 in Conjurations
  5921 | D:5      | Learned a level 5 spell: Lee's Rapid Deconstruction
  5955 | D:5      | Noticed KristoblXynda's ghost (novice DgAr)
  6559 | D:5      | Killed KristoblXynda's ghost
  6559 | D:5      | Reached skill level 8 in Earth Magic
  6559 | D:5      | Reached XP level 8. HP: 28/46 MP: 12/12
  6719 | D:6      | Found a staircase to the Ecumenical Temple.
  6734 | Temple   | Entered the Ecumenical Temple
  6793 | Temple   | Became a worshipper of Vehumet
  6854 | D:6      | Found Vexav's Weapon Emporium.
  6926 | D:6      | Noticed Pikel
  6996 | D:5      | Killed Edmund
  7444 | D:5      | Reached skill level 9 in Earth Magic
  7621 | D:6      | Noticed Prince Ribbit
  7666 | D:6      | Noticed a yak
  7666 | D:6      | Noticed a yak
  7667 | D:6      | Noticed a yak
  7667 | D:6      | Noticed a yak
  7681 | D:6      | Killed a yak
  7696 | D:6      | Killed a yak
  7696 | D:6      | Reached XP level 9. HP: 40/51 MP: 8/15
  7777 | D:6      | Reached skill level 5 in Spellcasting
  8027 | D:7      | Reached skill level 10 in Earth Magic
  8062 | D:7      | Found an iron altar of Okawaru.
  8064 | D:7      | Reached skill level 1 in Fighting
  8255 | D:8      | Noticed a two-headed ogre
  8280 | D:8      | Noticed Maurice
  8316 | D:8      | Noticed Erica
  8595 | D:6      | Reached skill level 1 in Shields
  8803 | D:6      | Found a runed door.
  8807 | D:6      | Noticed Crazy Yiuf
  8810 | D:6      | Killed Crazy Yiuf
  9058 | D:6      | Killed Prince Ribbit
  9419 | D:6      | Killed Pikel
  9419 | D:6      | Reached skill level 5 in Conjurations
  9419 | D:6      | Reached XP level 10. HP: 60/60 MP: 9/17
  9633 | D:8      | Found a hide-covered altar of Uskayaw.
  9635 | D:8      | Noticed a hand axe
  9637 | D:8      | Noticed a hand axe
  9672 | D:8      | Noticed Gastronok
  9724 | D:8      | Killed Erica
  9823 | D:8      | Reached * piety under Vehumet
  9823 | D:8      | Offered knowledge of Freeze by Vehumet.
 10121 | D:8      | Found a deep blue altar of Sif Muna.
 10182 | D:8      | Killed Maurice
 10340 | D:8      | Reached skill level 5 in Dodging
 11003 | D:9      | Found Xunoush's Weapon Emporium.
 11005 | D:9      | Found a staircase to the Orcish Mines.
 11007 | D:9      | Found Ebrighot's Armour Emporium.
 11030 | D:9      | Reached skill level 11 in Earth Magic
 11925 | D:9      | Learned a level 2 spell: Blink
 11929 | D:9      | Learned a level 3 spell: Conjure Flame
 11940 | D:9      | Found Wiloot's General Store.
 11948 | D:9      | Bought a scroll of identify for 28 gold pieces
 11948 | D:9      | Bought a potion of magic for 112 gold pieces
 12000 | D:10     | Entered Level 10 of the Dungeon
 12117 | D:10     | Reached ** piety under Vehumet
 12117 | D:10     | Offered knowledge of Shock by Vehumet.
 12274 | D:10     | Noticed a centaur warrior
 12407 | D:10     | Killed a centaur warrior
 12407 | D:10     | Reached XP level 11. HP: 35/64 MP: 18/20
 12768 | D:10     | Noticed a two-headed ogre
 12794 | D:10     | Noticed a two-headed ogre
 12816 | D:10     | Reached skill level 1 in Translocations
 13925 | D:11     | Reached skill level 12 in Earth Magic
 13932 | D:11     | Found a staircase to the Lair.
 13962 | D:11     | Offered knowledge of Ignite Poison by Vehumet.
 14066 | D:11     | Found a shattered altar of Ashenzari.
 14080 | D:11     | Reached *** piety under Vehumet
 14907 | D:12     | Noticed Josephine
 14907 | D:12     | Noticed a two-headed ogre
 14935 | Lair:1   | Entered Level 1 of the Lair of Beasts
 14988 | D:11     | Offered knowledge of Dazzling Spray by Vehumet.
 15192 | Lair:1   | Reached skill level 5 in Fighting
 15384 | Lair:1   | Noticed a six-headed hydra
 15397 | Lair:1   | Killed a six-headed hydra
 15679 | Lair:1   | Noticed Nergalle
 15727 | Lair:1   | Killed Nergalle
 15734 | Lair:1   | Slain by a komodo dragon

Vault maps used:
D:1:      lemuel_arrival_room
D:2:      uniq_robin
D:3:      first_bread, uniq_terence
D:5:      kennysheep_six_static_rooms, uniq_edmund
D:6:      minmay_temple_entry_statues_fountains, serial_shops, shop,
          uniq_prince_ribbit1, uniq_pikel, uniq_crazy_yiuf_cottage
D:7:      minmay_misc_feat_diagonals, okawaru_metal_pillars_3
D:8:      dancing_weapons_uskayaw, blue_anna_alchemist, amethyst_killhole,
          led_sif_pool, uniq_gastronok, uniq_maurice, uniq_erica
D:9:      orc_david_3, serial_shops, nicolae_shop_crystal,
          hangedman_abyss_or_decor_lesser_grid
D:10:     wad_floor_pattern_untrapped
D:11:     grunt_lair_entry_orc_guard_hut, basic_altar
D:12:     serial_glass, glass_columns_a, glass_columns_a, uniq_josephine,
          uniq_fannar
Temple:   dpeg_three_leaves_temple
Lair:1:   beast_lair_carwin_large_2, minmay_lair_oklob_chamber,
          infiniplex_staircase_pool_2, grunt_megastairs_3, lemuel_fruit_fields,
          uniq_nergalle

Skill      XL: |  1  2  3  4  5  6  7  8  9 10 11 |
---------------+----------------------------------+-----
Earth Magic    | 4 5 6 7 8 9 10 11 12 | 12.0
Stealth        | 4 |  4.0
Spellcasting   | 3 4 5 6 7 |  7.7
Conjurations   | 4 5 6 |  6.0
Fighting       | 2 6 |  6.0
Dodging        | 3 6 7 |  7.2
Shields        | 4 |  4.0
Translocations | 2 |  2.0
Transmutations | |  1.0

Action                   |  1- 3 |  4- 6 |  7- 9 | 10-12 || total
-------------------------+-------+-------+-------+-------++-------
Melee: Club              |    76 |    22 |       |       ||    98
       Constrict         |    24 |    33 |    15 |    31 ||   103
       Tentacles         |    14 |    14 |     8 |    23 ||    59
       Dagger            |       |    59 |       |       ||    59
       Short sword       |       |    34 |    67 |   157 ||   258
Throw: Stone             |       |       |     1 |       ||     1
 Cast: Sandblast         |    12 |    47 |    64 |   110 ||   233
       Stone Arrow       |       |       |    21 |    44 ||    65
       Lee's Rapid Decon |       |       |     5 |       ||     5
       Conjure Flame     |       |       |       |     2 ||     2
  Use: Scroll            |       |     2 |     7 |     8 ||    17
       Potion            |       |       |       |     2 ||     2
 Stab: Sleeping          |    17 |    16 |     7 |    13 ||    53
  Eat: Chunk             |     2 |    12 |     9 |    11 ||    34
       Royal jelly       |       |       |     1 |       ||     1
       Bread ration      |       |       |     1 |       ||     1
       Fruit             |       |       |       |    14 ||    14
Armor: Skin              |    10 |     8 |     3 |    10 ||    31
Dodge: Dodged            |    47 |    92 |    51 |   147 ||   337
Block: Buckler           |       |       |     1 |    52 ||    53
